Cogmind - Beta 16 @@@ ROGUE MODE // 2025.11.08 @ 23:23:13 Player: guru-sr Result: Destroyed by G-47 Trooper with Particle Gun Performance ------------- Evolutions (2) 1000 Regions Visited (4) 800 Robots Destroyed (28) 140 Value Destroyed (665) 665 Prototype IDs (0) 0 Alien Tech Used (0) 0 Bonus (-173) -173 TOTAL SCORE: 2432 Bonus ------- Follower Combat Kills 14 Friendly Fire -187 Cogmind --------- Core Integrity 0/550 Matter 300/300 Energy 100/100 System Corruption 0% Temperature Cool (9) Movement Core (50) Location -8/Materials Parts ------- > --- POWER (1) -------- (None) > --- PROPULSION (4) --- (None) > --- UTILITY (4) ------ (None) > --- WEAPON (2) ------- (None) > --- INVENTORY (5) ---- Subdweller Power Source Improved VTOL Module Improved Heat Sink Scrap Shield Peak State ------------ > --- POWER ------------ Light Angular Momentum Engine > --- PROPULSION ------- Subdweller Monowheel Subdweller Monowheel > --- UTILITY ---------- High-capacity Storage Unit Subdweller Optics > --- WEAPON ----------- Beamcaster Slug Cannon > --- INVENTORY -------- Subdweller Power Source Subdweller Power Source Carbon-fiber Leg Carbon-fiber Leg Compact Wheel Subdweller Monowheel Improved VTOL Module Improved Heat Sink Medium Battery High-capacity Matter Pod Subdweller Optics Scrap Shield Subdweller Machine Gun Subdweller Machine Gun Battle Cannon Rocket Launcher Datajack Mining Laser Scrap Shield Fragment [Rating: 25] Favorites ----------- Power Ion Engine Engine Ion Engine Power Core Light Nuclear Core Propulsion Aluminum Leg Treads Light Treads Leg Aluminum Leg Wheel Subdweller Monowheel Utility Seismic Detector Device Seismic Detector Storage Large Storage Unit Processor Visual Processing Unit Weapon Light Assault Rifle Energy Gun Beamcaster Energy Cannon Beam Cannon Ballistic Gun Light Assault Rifle Ballistic Cannon Slug Cannon Launcher Rocket Launcher Special Weapon Mining Laser Special Melee Weapon Datajack Build | -11 -10 -10 -10 -8 ------- Run | Yrd Mat Min Sub Mat Slots Evolved 4 | . . . . 4 Power . | . . . . . Propulsion 2 | . . . . 2 Utility 2 | . . . . 2 Weapon . | . . . . . Parts Attached 30 | 6 7 4 12 1 Power 5 | 1 2 . 1 1 Engine 4 | 1 2 . 1 . Core 1 | . . . . 1 Reactor . | . . . . . Propulsion 8 | 2 2 1 3 . Treads 2 | . 2 . . . Leg 3 | 2 . 1 . . Wheel 3 | . . . 3 . Hover . | . . . . . Flight . | . . . . . Utility 6 | 1 2 . 3 . Device 2 | 1 . . 1 . Storage 3 | . 2 . 1 . Processor 1 | . . . 1 . Hackware . | . . . . . Protection . | . . . . . Artifact . | . . . . . Weapon 11 | 2 1 3 5 . Energy Gun 2 | 1 . 1 . . Energy Cannon 1 | . 1 . . . Ballistic Gun 4 | 1 . 2 1 . Ballistic Cannon 1 | . . . 1 . Launcher 1 | . . . 1 . Special Weapon 1 | . . . 1 . Impact Weapon . | . . . . . Slashing Weapon . | . . . . . Piercing Weapon . | . . . . . Special Melee Weapon 1 | . . . 1 . Unidentified Prototypes . | . . . . . Parts Lost 5 | . 1 . 1 3 Power 3 | . 1 . . 2 Propulsion . | . . . . . Utility 1 | . . . 1 . Weapon 1 | . . . . 1 Highest Loss Streak 2 | . 1 . 1 2 To Critical Strikes . | . . . . . Average Backups 10 | 2 7 11 13 15 Power . | . . . 1 1 Propulsion 1 | 2 2 . 1 3 Utility 3 | . 2 4 4 4 Weapon 3 | . 2 4 4 4 Tool/Special . | . . . . . Unused Backups 23 | . 4 . 6 13 Power 4 | . 1 . 1 2 Propulsion 6 | . 2 . . 4 Utility 9 | . 1 . 3 5 Weapon 4 | . . . 2 2 Tool/Special . | . . . . . Average Slot Usage (%) 96 | . 96 99 99 55 Engine 13 | . 14 14 14 5 Treads 6 | . 21 1 . . Leg 15 | . 6 26 7 . Wheel 5 | . . . 20 16 Device 11 | . 14 14 3 8 Storage 12 | . 11 14 14 8 Processor 2 | . . . 10 . Energy Gun 6 | . 3 4 14 8 Energy Cannon 3 | . 13 . . . Ballistic Gun 13 | . 11 22 . . Ballistic Cannon 2 | . . . 8 8 Peak Build Rating 25 | 6 8 13 24 25 Average Rating 11 | 4 7 9 20 21 On Entrance 10 | . 6 8 13 24 Avg Prop Armor Cover (%) 4 | . . . 5 4 Naked Turns 17 | . . . . 17 Heaviest Build 63 | 6 30 32 63 63 Greatest Support 40 | 20 40 40 40 40 Greatest Overweight (x) 3 | . . 1 2 3 Average Overweight (x) . | . . . 1 2 Largest Inventory Capacity 20 | 5 15 15 20 20 Average Capacity 13 | 5 10 15 15 18 Most Carried 20 | 5 10 14 18 20 Average Carried 10 | 3 7 11 14 17 Final Capacity 20 | 5 15 15 20 5 Final Carried 18 | 4 9 14 18 5 Class Distribution -------------------- 59% | Mutant 40% | Scavenger-Mutant Dominant Class ---------------- Scavenger-Mutant | -10/Materials Mutant | -10/Mines Scavenger-Mutant | -10/Subcaves Scavenger-Mutant | -8/Materials Resources | -11 -10 -10 -10 -8 ----------- Run | Yrd Mat Min Sub Mat Matter Collected 988 | 270 97 232 290 99 Remotely . | . . . . . Salvage Created 876 | 87 192 100 204 293 Parts 43 | 6 16 6 8 7 Haulers Intercepted 1 | . 1 . . . Recyclers Shooed 2 | . 1 . . 1 Parts Field Recycled . | . . . . . Retrieved Matter . | . . . . . Parts Self-Destructed 5 | . . . 5 . Prevented . | . . . . . Parts Restored . | . . . . . Kills | -11 -10 -10 -10 -8 ------- Run | Yrd Mat Min Sub Mat Combat Hostiles Destroyed 19 | 1 4 3 7 4 Guns 5 | 1 1 1 . 2 Cannons 8 | . 3 2 1 2 AOE 6 | . . . 6 . Classes Destroyed 10 | 3 4 . 1 2 Worker 1 | 1 . . . . Tunneler 1 | 1 . . . . Hauler 1 | . 1 . . . Recycler 1 | . . . . 1 Operator 1 | . 1 . . . Watcher 2 | . 2 . . . Swarmer 6 | . 3 3 . . Grunt 7 | 1 1 . 1 4 Sentry 1 | . . . . 1 Subdweller 6 | . . . 6 . Thug 1 | . . 1 . . Best Kill Streak 6 | 2 2 3 6 4 Combat Bots Only 6 | 1 2 3 6 3 Max Kills in Single Turn 3 | 1 1 1 3 1 Gunslinging . | . . . . . Exploded 3 | . . . 3 . Melee . | . . . . . Uniques/NPCs Destroyed . | . . . . . Combat | -11 -10 -10 -10 -8 -------- Run | Yrd Mat Min Sub Mat Hostile Shots Fired 162 | 4 37 27 3 91 Missed 47 | 1 10 9 . 27 Hits 115 | 3 27 18 3 64 Projectile 115 | 3 27 18 3 64 Critical Strikes 6 | . . . . 6 Damage Taken 1483 | 33 271 135 55 989 Core 637 | . 56 23 . 558 Absorbed by Shields . | . . . . . Core Remaining (%) 84 | 100 . . 68 . Volleys Fired 91 | 10 28 15 24 14 Largest 2 | 2 2 2 2 2 Hottest 115 | 60 100 80 115 115 Shots Fired 163 | 20 56 30 29 28 Gun 85 | 20 28 18 5 14 Cannon 56 | . 28 12 2 14 Launcher 3 | . . . 3 . Special 19 | . . . 19 . Kinetic 62 | 10 18 18 2 14 Thermal 98 | 10 38 12 24 14 Explosive 3 | . . . 3 . Electromagnetic . | . . . . . Robot Hit Streak 12 | 10 8 7 12 4 Robot Miss Streak 6 | 1 6 3 1 2 Penetration Max . | . . . . . Secondary Targets . | . . . . . Shots Hit Robots 79 | 15 27 16 8 13 Core Hits 42 | 4 10 4 16 8 Critical Kills . | . . . . . Critical Parts Destroyed 1 | . . . . 1 Critical Strikes 3 | . . . . 3 Burn 2 | . . . . 2 Destroy 1 | . . . . 1 Melee Attacks 1 | . . . 1 . Impact . | . . . . . Slashing . | . . . . . Piercing . | . . . . . Sneak Attacks 1 | . . . 1 . Combat Hostiles . | . . . . . Follow-up Attacks . | . . . . . Damage Inflicted 2172 | 149 388 183 1081 371 Guns 593 | 149 96 97 107 144 Cannons 669 | . 292 86 64 227 Explosions 910 | . . . 910 . Melee . | . . . . . Ramming . | . . . . . Kinetic 487 | 57 42 97 64 227 Thermal 775 | 92 346 86 107 144 Explosive 910 | . . . 910 . Electromagnetic . | . . . . . Impact . | . . . . . Slashing . | . . . . . Piercing . | . . . . . Highest Corruption 1 | . 1 1 1 . Average Corruption 1 | . 1 1 1 . Corruption Purged . | . . . . . Corruption Blocked . | . . . . . Effects 22 | . 2 13 7 . Message Errors 6 | . . 3 3 . Matter Fused 9 | . 1 5 3 . Heat Flow Errors 2 | . . 2 . . Energy Discharges 2 | . 1 1 . . Parts Fused 1 | . . . 1 . Data Loss (major) 1 | . . 1 . . Alerts 1 | . . 1 . . Overload Shots . | . . . . . Overflow Damage 14 | . . 14 . . Projectiles 14 | . . 14 . . Explosions . | . . . . . Melee . | . . . . . Knockbacks 1 | . . . 1 . Impact . | . . . . . Kinetic 1 | . . . 1 . Secondary . | . . . . . Self-Inflicted Damage . | . . . . . Shots . | . . . . . Rammed . | . . . . . Targets Rammed . | . . . . . Kicked . | . . . . . Crushed . | . . . . . Highest Temperature 332 | 58 260 300 6 332 Average Temperature 108 | 28 80 140 6 154 Received Heat Transfer 720 | 18 66 . 6 630 Effects 3 | . . 2 . 1 Energy Bleed 3 | . . 2 . 1 Siege Activations . | . . . . . Martial Activations . | . . . . . Shielding Activations . | . . . . . Robots Disrupted . | . . . . . Combat Hostiles . | . . . . . Robots Corrupted . | . . . . . Combat Hostiles . | . . . . . Parts Fried . | . . . . . Impact Corruptions . | . . . . . Robots Melted . | . . . . . Combat Hostiles . | . . . . . Parts Melted 2 | . 1 . . 1 Heat Transferred 1731 | 200 754 185 185 407 Parts Sabotaged . | . . . . . Parts Stolen . | . . . . . Parts Stripped . | . . . . . Power Chain Reactions . | . . . . . Alert | -11 -10 -10 -10 -8 ------- Run | Yrd Mat Min Sub Mat Maximum Alert Level . | . . . . . Low Security (%) 100 | 100 100 100 . 100 Level 1 . | . . . . . Level 2 . | . . . . . Level 3 . | . . . . . Level 4 . | . . . . . Level 5 . | . . . . . High Security . | . . . . . Max Security . | . . . . . Peak Influence 82 | 20 82 60 . 78 Initial 3 | . . . . 3 Average 9 | 2 16 3 . 37 Influence Increases 490 | 30 185 70 85 120 Destroy 0b10 Robot/C 300 | 20 80 60 60 80 Destroy 0b10 Robot/NC 35 | 10 20 . . 5 Destroy Leader 76 | . 26 10 20 20 Allied During Kill 8 | . . . 5 3 Successful Hack 16 | . 14 . . 2 Destroy Structure 10 | . . . . 10 Partial Spotted 15 | . 15 . . . Lose Combat Pursuer 30 | . 30 . . . Influence Decreases 472 | 30 185 70 77 110 Entered New Map 5 | . . . . 5 Time Decay 430 | 30 178 70 77 75 Lost Part 37 | . 7 . . 30 Squads Dispatched 4 | . 1 . . 3 Investigation 1 | . . . . 1 Extermination . | . . . . . Reinforcement 3 | . 1 . . 2 Assault . | . . . . . Garrison . | . . . . . Intercept . | . . . . . Searches Triggered . | . . . . . Construction Impeded . | . . . . . Haulers Reinforced . | . . . . . Active Scanning Responses . | . . . . . Cargo Convoy Interrupts . | . . . . . Stealth | -11 -10 -10 -10 -8 --------- Run | Yrd Mat Min Sub Mat Distress Signals 2 | . 1 . . 1 Communications Jammed . | . . . . . Distress Signals . | . . . . . Times Spotted 41 | 1 14 3 12 11 Peak Tracking Total 8 | 1 4 3 8 7 Tactical Retreats 1 | . 1 . . . Traps | -11 -10 -10 -10 -8 ------- Run | Yrd Mat Min Sub Mat Traps Triggered 1 | . 1 . . . Indirectly . | . . . . . Trap Hack Attempts . | . . . . . Triggered . | . . . . . Disarmed . | . . . . . Reprogrammed . | . . . . . Reused . | . . . . . Traps Extracted . | . . . . . Installed . | . . . . . Triggered . | . . . . . Machines | -11 -10 -10 -10 -8 ---------- Run | Yrd Mat Min Sub Mat Machines Disabled . | . . . . . Max in Single Turn . | . . . . . Machines Repaired . | . . . . . Machines Dismantled . | . . . . . Machines Sabotaged . | . . . . . Overloaded Fab Kills . | . . . . . Hacking | -11 -10 -10 -10 -8 --------- Run | Yrd Mat Min Sub Mat Machines Accessed 6 | . 4 . . 2 Terminals 3 | . 2 . . 1 Fabricators . | . . . . . Repair Stations 1 | . 1 . . . Recycling Units 1 | . 1 . . . Scanalyzers 1 | . . . . 1 Garrison Access . | . . . . . Total Hacks 24 | . 15 . . 9 Successful 18 | . 12 . . 6 Failed 5 | . 3 . . 2 Catastrophic 1 | . 1 . . . Database Lockouts 1 | . . . . 1 Manual . | . . . . . Terminals 20 | . 13 . . 7 Fabricators . | . . . . . Repair Stations 1 | . 1 . . . Recycling Units 1 | . 1 . . . Scanalyzers 2 | . . . . 2 Garrison Access . | . . . . . Terminal Hacks 14 | . 10 . . 4 Record 10 | . 6 . . 4 Robot Analysis 1 | . 1 . . . Alert Level 1 | . 1 . . . Hauler Manifests 1 | . 1 . . . Zone Layout 1 | . 1 . . . Fabricator Hacks . | . . . . . Repair Station Hacks 1 | . 1 . . . Scan Component 1 | . 1 . . . Recycling Unit Hacks 1 | . 1 . . . Report Inventory 1 | . 1 . . . Scanalyzer 2 | . . . . 2 Insert Component 1 | . . . . 1 Analyze 1 | . . . . 1 Garrison Access Hacks . | . . . . . Unauthorized Hacks . | . . . . . Terminals . | . . . . . Fabricators . | . . . . . Repair Stations . | . . . . . Recycling Units . | . . . . . Scanalyzers . | . . . . . Garrison Access . | . . . . . Data Cores Recovered . | . . . . . Used . | . . . . . Hacking Detections 3 | . 1 . . 2 Full Trace Events 1 | . . . . 1 Feedback Events . | . . . . . Feedback Blocked . | . . . . . Robot Schematics Acquired . | . . . . . Robots Built . | . . . . . Authchips . | . . . . . Time . | . . . . . Total Robot Build Rating . | . . . . . Part Schematics Acquired 1 | . . . . 1 Parts Built . | . . . . . Authchips . | . . . . . Time . | . . . . . Total Part Build Rating . | . . . . . Part Studies Acquired . | . . . . . Parts Repaired . | . . . . . Time . | . . . . . Parts Recycled . | . . . . . Recycled Matter . | . . . . . Retrieved Matter . | . . . . . Retrieved Components . | . . . . . Parts Scanalyzed 1 | . . . . 1 Part Schematics Acquired 1 | . . . . 1 Parts Damaged . | . . . . . Bothacking | -11 -10 -10 -10 -8 ------------ Run | Yrd Mat Min Sub Mat Used RIF Installer . | . . . . . Robots Hacked 1 | . . . 1 . Non-combat . | . . . . . Combat 1 | . . . 1 . Robot Hacks Applied 1 | . . . 1 . parse_system 1 | . . . 1 . Relay Couplers Released . | . . . . . Fabnet Peak Effective % . | . . . . . Robots Rewired . | . . . . . Allies Hacked . | . . . . . Hacks Repelled . | . . . . . Allies | -11 -10 -10 -10 -8 -------- Run | Yrd Mat Min Sub Mat Total Allies 3 | . . 3 . . Largest Group 3 | . . 3 3 1 Highest-Rated Group 40 | . . 40 40 16 Highest-Rated Ally 16 | . . 16 16 16 Total Orders . | . . . . . Ally Attacks 18 | . . . 15 3 Total Damage 227 | . . . 182 45 Kills 2 | . . . 2 . Allies Corrupted . | . . . . . Allies Melted . | . . . . . Intel | -11 -10 -10 -10 -8 ------- Run | Yrd Mat Min Sub Mat Active Infowar (turns) 3012 | 73 787 1409 574 169 Optics 654 | . . . 485 169 Seismic 2358 | 73 787 1409 89 . Robot Analysis Total 1 | . 1 . . . Derelict Logs Recovered 1 | . . 1 . . Drone Launches . | . . . . . Drone Recoveries . | . . . . . Exploration | -11 -10 -10 -10 -8 ------------- Run | Yrd Mat Min Sub Mat Turns Passed 3169 | 189 787 1410 597 186 Spaces Moved 1617 | 124 393 688 328 84 Core 20 | 20 . . . . Treads 311 | . 300 11 . . Legs 934 | 104 93 677 60 . Wheels 352 | . . . 268 84 Hover . | . . . . . Flight . | . . . . . Fastest Speed 50 | 50 120 160 110 120 Average Speed 160 | 108 150 189 136 131 Slowest Speed 190 | 120 160 190 190 140 Overloaded Moves . | . . . . . Propulsion Burnouts . | . . . . . Robots Hopped . | . . . . . Potential Cave-ins . | . . . . . Cave-ins Triggered . | . . . . . Exploration Rate (%) 39 | 9 48 99 27 12 Regions Visited 4 Branch Regions 2 Pre-discovered Areas . | . . . . . Known Exits Taken . | . . . . . Unknown Exits Taken 4 | 1 1 1 1 . Scrap Searched 1 | . . 1 . . Spaces Dug . | . . . . . Terrain Destroyed 43 | . . . 35 8 Melee . | . . . . . Projectile 8 | . . . . 8 AOE 35 | . . . 35 . Terrain Rammed . | . . . . . Walls Destroyed . | . . . . . Machines Disabled . | . . . . . Actions | -11 -10 -10 -10 -8 --------- Run | Yrd Mat Min Sub Mat Total 2011 | 161 537 770 412 131 Wait 183 | 6 85 48 14 30 Move 1613 | 123 392 687 327 84 Hop . | . . . . . Pick Up 55 | 13 15 9 16 2 Fast Attach 4 | . 1 . 2 1 Attach 15 | 6 1 5 3 . Detach 1 | . . 1 . . Swap 17 | . 6 1 10 . Drop 31 | 3 9 4 15 . Fire 91 | 10 28 15 24 14 Melee 1 | . . . 1 . Ram . | . . . . . Kick . | . . . . . Crush . | . . . . . Escape Stasis . | . . . . . Rewire . | . . . . . Trap . | . . . . . Miscellaneous . | . . . . . Route ------- -11/Scrapyard -10/Materials (discovered 2 exits: [*Mat] / [*Min]) -10/Mines (discovered 3 exits: [*Mat x2] / [*Sub]) -10/Subcaves -8/Materials (discovered 1 exit: Fac) History --------- Turn | Location | Event 2 | -11/Scrapyard | Met Revision 17 65 | -11/Scrapyard | Discovered new exit (range 8) 190 | -11/Scrapyard | Entered Materials 325 | -10/Materials | Build established: Mutant 361 | -10/Materials | Discovered new exit (range 16) 497 | -10/Materials | Discovered new exit (range 19) 630 | -10/Materials | Build established: Scavenger-Mutant 977 | -10/Materials | Entered Mines 988 | -10/Mines | Met a Derelict bent on vengeance 1284 | -10/Mines | Build established: Mutant 1286 | -10/Mines | Received a Rocket Launcher from a helpful Derelict 1359 | -10/Mines | Discovered new exit (range 13) 1413 | -10/Mines | Discovered new exit (range 6) 1470 | -10/Mines | A weapon hastily lodged in a ceiling crevice suddenly fell to the ground 1505 | -10/Mines | Discovered new exit (range 15) 1639 | -10/Mines | Assisted by bots powering up and referring to "LRC-V3" 1670 | -10/Mines | Learned location of 1 exit from Materials 2387 | -10/Mines | Entered Subcaves 2387 | -10/Subcaves | Accompanied by 3 allies 2388 | -10/Subcaves | Approached by a straggling Scientist 2411 | -10/Subcaves | Shifting Twisted Machinery released Sub. Machine Gun 2471 | -10/Subcaves | Ambushed by swarm of Subdwellers 2515 | -10/Subcaves | Lost 3 allies 2715 | -10/Subcaves | A swath of the cavern ceiling suddenly collapsed 2839 | -10/Subcaves | Build established: Scavenger-Mutant 2911 | -10/Subcaves | Discovered new exit (range 4) 2984 | -10/Subcaves | Entered Materials 2984 | -8/Materials | Accompanied by 1 ally 2984 | -8/Materials | Evolved 4 slots: Propulsion x2, Utility x2 2985 | -8/Materials | Identified exit to Factory 3005 | -8/Materials | Central database locked down 3153 | -8/Materials | Released all parts (5) 3161 | -8/Materials | Core integrity fell below 50% 3165 | -8/Materials | Core integrity fell below 20% 3170 | -8/Materials | Destroyed by G-47 Trooper with Particle Gun Last Messages --------------- via the status screen. Critical hit (Burn: +37). Lgt. Nuclear Core destroyed. Critical hit (Burn: +37). K-01 Serf collects debris. Slug Cannon destroyed. Released Sub. Optics. Released Sub. Monowheel. Released Beamcaster. Released Broken Sub. Monowheel. Released Hcp. Storage Unit. [Achievement: Live, Flee, And Rebuild] K-01 Serf collects debris. Critical hit (Burn: +37). K-01 Serf collects debris. Critical hit (Burn: +37). W-25 Informer sends out distress signal. Critical hit (Burn: +37). K-01 Serf collects debris. M-28 Smith repairs G-47 Trooper. Map ----- +----------------------------------------------------+ | ?????????????????????????????????????????????????? | | ?????????????????????????????????????????????????? | | ?????????????????????????????????????????????????? | | ?????????????????????????????????????????????????? | | ?????????????????????????????????????????????????? | | ?????????????????????????????????????????????????? | | ?????????????????????????????????????????????????? | | ?????????????????????????????????????????????????? | | ?????????????????????????????????????????????????? | | ?????????????????????????????????????????????????? | | ?????????????????????????????????????????????????? | | ??????????????########???????????????????????????? | | ??????????????# #???????????????????????????? | | ??????????????# "" #???????????????????????????? | | ??????????????# """ #???????????????????????????? | | ??????????????# S" ########????????????????????? | | ??????????????# ## #????????????????????? | | ????????####### ## #????????????????????? | | ????????# ###+#"### #????????????????????? | | ######### ^% ## #????????????????????? | | # " =% =;% o #????????????????????? | | T # =%= *# % #????????????????????? | | # ###"#""## ! #????????????????????? | | ## ## ### *&[ #????????????????????? | | === ## ## ""#?#/|!==#????????????????????? | | === ## ## ""#?#![@=]#????????????????????? | | === ## ## T"#?#][!=g; ???????????????? | | ## ## ""#?# =g # #??????????? | | ## ## ""#?###gk## ! =#??????????? | | ####+##### ## #??? mg ??#+#######??????????? | | # ########??? w ????????????????????? | | " # #?????????? ????????????????????? | | " # #?????????? ???????????????????? | | " + ########??????????k g*;#???????????????????? | | " # #????????????????? #;#???????????????????? | | " # #????????????????# o # ???????????????????? | | # #????????????????# # ???????????????????? | | #######????????????????+ + "G??????????????????? | | ???????????????????????# # " ??????????????????? | | ???????????????????????# #? ??????????????????? | | ???????????????????????# #?###?????????????????? | | ???????????????????????##+##?????????????????????? | | ?????????????????????????????????????????????????? | | ?????????????????????????????????????????????????? | | ?????????????????????????????????????????????????? | | ?????????????????????????????????????????????????? | | ?????????????????????????????????????????????????? | | ?????????????????????????????????????????????????? | | ?????????????????????????????????????????????????? | | ?????????????????????????????????????????????????? | +----------------------------------------------------+ Best States ------------- Heat Dissipation 31 Energy Generation 18 Energy Capacity 250 Matter Stores 300 Matter Capacity 300 Sight Range 21 Terrain Scan Density 10 Evasion (%) 55 Recoil Reduction 2 Item Schematics ----------------- Sub. Monowheel | -8/Materials | Scanalyzed Robot Schematics ------------------ None Fabricated ------------ Nothing Repaired ---------- Nothing Studied --------- None Alien Tech Used ----------------- None Achievements -------------- DATA ERROR: Steam Global Achievement% I Have A Map? Live, Flee, And Rebuild Spot Them First Challenges ------------ None Game ------ Seed RemoteNullBoregun Manual? 0 Play Time 00:48:22 Cumulative 1.0 hours Start 2025.11.08 @ 22:27:45 End 2025.11.08 @ 23:23:13 Sessions 1 Manual Loads 0 Difficulty Rogue Special Mode None Game No. 2 Rogue 2 Adventurer 0 Explorer 0 Win Type - Total 0 Types 0/0/0/0/0/0/0/0/0/0 Lore% 0 Gallery% 2 Achievement% 19 Wizard Run 0 Options --------- Layout 1 ASCII 0 Keyboard 0 Movement Mouse Keybinds 0 Fullscreen 1 Font 24/Smallcaps Map View 50x35 Zoom Use 0% Tactical HUD 0 Map Filters NONE Filters NONE Steam 1 RUN: 255d3fac-b99e-4ea9-9492-465279469028